 Dungeon Crawl Stone Soup version 0.30-a0-168-g0b976cbdc4 (webtiles) character file.

Game seed: 14425224704874785476

40 KennySheep the Slasher (level 3, 0/22 HPs)
             Began as a Tengu Gladiator on Sept 30, 2022.
             Slain by a shadow imp (2 damage)
             ... summoned by Natasha
             ... on level 2 of the Dungeon.
             The game lasted 00:01:47 (911 turns).

KennySheep the Slasher (Tengu Gladiator)             Turns: 911, Time: 00:01:47

Health: 0/22       AC:  3    Str: 14    XL:     3   Next: 50%
Magic:  4/4        EV: 11    Int:  8    God:
Gold:   51         SH:  8    Dex: 17    Spells: 2/2 levels left

rFire   . . .      SeeInvis .    a - +0 long sword
rCold   . . .      Faith    .    i - +0 kite shield
rNeg    . . .      Spirit   .    b - +0 leather armour
rPois   .          Reflect  .    c - +0 hat
rElec   .          Harm     .    (no cloak)
rCorr   .          Rampage  .    (no gloves)
Will    .....                    (boots unavailable)
Stlth   ++........               (no amulet)
HPRegen 0.07/turn                h - +4 ring of slaying
MPRegen 0.09/turn                (no ring)

@: slowed, very slow
A: beak, talons 3
a: no special abilities


You were on level 2 of the Dungeon.
You visited 1 branch of the dungeon, and saw 2 of its levels.

You collected 51 gold pieces.

Inventory:

Hand Weapons
 a - a +0 long sword (weapon)
Missiles
 d - 3 throwing nets (quivered)
 e - a javelin
Armour
 b - a +0 leather armour (worn)
 c - a +0 hat (worn)
 i - a +0 kite shield (worn)
Jewellery
 h - a +4 ring of slaying (left hand)
 j - a ring of flight
Scrolls
 g - a scroll of vulnerability {unknown}
 k - 2 scrolls of teleportation {unknown}
 l - a scroll of enchant weapon {unknown}
 n - a scroll of brand weapon {unknown}
Potions
 f - a potion of haste {unknown}
 m - a potion of curing {unknown}


   Skills:
 + Level 2.4 Fighting
 * Level 4.0 Long Blades
 - Level 2.0 Throwing
 + Level 3.6 Dodging
 - Level 1.0 Stealth
 + Level 0.3 Shields


You had 2 spell levels left.
You didn't know any spells.
Your spell library was empty.

Dungeon Overview and Level Annotations

Branches:
Dungeon (2/15)

Altars:

Annotations:
D:2 Natasha


Innate Abilities, Weirdness & Mutations

You have a beak for a mouth.
You have claws for feet.


Message History

You slash the adder! Your kick misses the adder.
The adder is almost dead.
The adder bites you but does no damage. The adder closely misses you.
You miss the adder. Your peck misses the adder.
The adder is severely wounded.
The adder bites you.
You are poisoned.
The adder poisons you!
You miss the adder. Your kick misses the adder.
The adder is severely wounded.
You feel sick.
Natasha hisses angrily.
The adder bites you.
A quokka comes into view.
You block the adder's attack.
You slash the adder!
You kill the adder!
You feel sick.
Natasha stares at you and mumbles some strange words.
You feel yourself slow down.
Your Long Blades skill increases to level 4!
You feel sick.
The quokka twitches its whiskers.
Natasha claws you but does no damage. The quokka closely misses you.
Natasha claws you.
You barely miss Natasha.
You feel sick.
You are no longer poisoned.
The quokka misses you. Natasha claws you.
* * * LOW HITPOINT WARNING * * *
You block the quokka's attack.
Natasha mumbles some strange words.
You slash Natasha!
Natasha is severely wounded.
The quokka barely misses you. The quokka bites you.
* * * LOW HITPOINT WARNING * * *
You block Natasha's attack.
The shadow imp sputters.
The shadow imp misses you. The quokka completely misses you.
Natasha closely misses you. The shadow imp hits you.
You die...

.... #..# .#
###..##.#
#.....#.#
#.......#
#.......#
#.......#
##..h@...#
#(..r.5..######
#.#####..#....#
#. #...#..#.#
#..###.#.##
#......)..#
#...#..####
######...#
........###


You could see Natasha, a shadow imp (summoned) and a quokka.

Vanquished Creatures
  An adder (D:2)
  3 dart slugs (D:1)
  2 ball pythons (D:1)
  An endoplasm (D:1)
  A giant cockroach (D:1)
  3 goblins
  5 jackals (D:1)
  2 kobolds (D:1)
  2 quokkas (D:1)
  2 rats (D:1)
22 creatures vanquished.

Notes
Turn   | Place    | Note
-------+----------+-------------------------------------------
     0 | D:1      | KennySheep the Tengu Gladiator began the quest for the Orb.
     0 | D:1      | Reached XP level 1. HP: 12/12 MP: 2/2
    23 | D:1      | Reached XP level 2. HP: 9/17 MP: 3/3
   328 | D:1      | Reached skill level 1 in Stealth
   535 | D:1      | Reached XP level 3. HP: 21/21 MP: 4/4
   903 | D:2      | Noticed Natasha
   909 | D:2      | Reached skill level 4 in Long Blades
   911 | D:2      | Slain by a shadow imp

Illustrated notes

Levels and vault maps discovered:
D:1:      pf_arrival_petrified_forest, layout_rooms, grunt_decor_one_mirror,
          chequers_serial_rivers_large_b
D:2:      layout_basic, uniq_crazy_yiuf_cottage, uniq_natasha

Skill      XL: |  1  2  3 |
---------------+----------+-----
Stealth        | 1 |  1.0
Long Blades    | 4 |  4.0
Fighting       | |  2.4
Throwing       | |  2.0
Dodging        | |  3.6
Shields        | |  0.3

Action                   || total
-------------------------++-------
Melee: Long sword        ||    43
       Kick              ||    11
       Peck              ||     1
 Stab: Sleeping          ||     1
Armor: Leather armour    ||    11
Dodge: Dodged            ||    28
Block: Kite shield       ||     9

Table legend: (Time is in decaauts)
 A = Elapsed time spent in this place.
 B = Non-inter-level travel time spent in this place.
 C = Inter-level travel time spent in this place.
 D = Time resting spent in this place.
 E = Time spent auto-exploring this place.
 F = Levels seen in this place.
 G = Mean time per level.
                   A        B        C        D        E       F      G
               +--------+--------+--------+--------+--------+-----+--------+
         Total |    947 |    911 |     36 |      0 |    706 |   2 |  473.5 |
       Dungeon |    947 |    911 |     36 |      0 |    706 |   2 |  473.5 |
               +--------+--------+--------+--------+--------+-----+--------+

Top non-repeatable levels by time:
     D:1: 872 daAuts
     D:2: 74 daAuts
